 Dungeon Crawl Stone Soup version 0.31-a0-1178-gc5c9b8f871 (webtiles) character file.

Game seed: 15350269424884683505

284 senseless the Slasher (level 6, -13/47 HPs)
             Began as a Demonspawn Gladiator on Dec 11, 2023.
             Was a Believer of Wu Jian.
             Mangled by an ogre
             ... wielding a +0 giant club
              (24 damage)
             ... on level 4 of the Dungeon.
             The game lasted 00:10:34 (3501 turns).

senseless the Slasher (Demonspawn Gladiator)        Turns: 3501, Time: 00:10:37

Health: -13/47     AC:  7    Str: 14    XL:     6   Next: 7%
Magic:  6/6        EV:  9    Int:  8    God:    Wu Jian [**....]
Gold:   34         SH: 14    Dex: 17    Spells: 5/5 levels left

rFire   . . .        a - +1 long sword
rCold   . . .        t - +2 tower shield
rNeg    + . .        G - +2 robe {Will+}
rPois   .            c - +0 helmet
rElec   .            (no cloak)
rCorr   +            v - +0 pair of gloves
SInv    .            m - +0 pair of boots
Will    +....        (no amulet)
Stlth   ++           s - ring of resist corrosion
HPRegen 0.27/turn    y - ring of positive energy
MPRegen 0.10/turn

%: no passive effects
@: lethally poisoned (-13 -> -36)
A: demonic guardian 2, demonic touch 1
a: Renounce Religion, Wall Jump


You were on level 4 of the Dungeon.
You worshipped Wu Jian.
Wu Jian was pleased with you.
You visited 1 branch of the dungeon, and saw 4 of its levels.

You collected 122 gold pieces.
You spent 88 gold pieces at shops.

Inventory:

Hand Weapons
 a - a +1 long sword (weapon)
Missiles
 d - 3 throwing nets
 e - a javelin
 o - 7 stones (quivered)
 E - 2 poisoned darts
Armour
 b - a +0 leather armour
 c - a +0 helmet (worn)
 m - a +0 pair of boots (worn)
 t - a +2 tower shield (worn)
 v - a +0 pair of gloves (worn)
 G - a +2 robe of willpower (worn)
Jewellery
 s - a ring of resist corrosion (left hand)
 y - a ring of positive energy (right hand)
Wands
 g - a wand of acid (6)
Scrolls
 k - a scroll of identify
 p - a scroll of immolation {unknown}
 q - 2 scrolls of revelation {unknown}
 r - a scroll of acquirement {unknown}
 u - a scroll of fear {unknown}
 x - a scroll of fog {unknown}
 B - a scroll of silence {unknown}
Potions
 f - a potion of lignification {unknown}
 h - a potion of ambrosia {unknown}
 i - a potion of degeneration {unknown}
 j - a potion of heal wounds {unknown}
 n - a potion of curing {unknown}
 w - a potion of enlightenment {unknown}
 z - a potion of magic {unknown}
 A - a potion of might {unknown}
 C - a potion of mutation {unknown}
 D - a potion of attraction {unknown}
 F - a potion of cancellation


   Skills:
 + Level 3.4 Fighting
 + Level 3.7 Long Blades
 + Level 3.1 Throwing
 + Level 3.7 Dodging
 + Level 1.4 Shields


You had 5 spell levels left.
You didn't know any spells.
Your spell library was empty.

Dungeon Overview and Level Annotations

Branches:
Dungeon (4/15)
 Temple: D:4-7

Altars:
Gozag
Wu Jian

Shops:
D:1 [


Innate Abilities, Weirdness & Mutations

A demonic guardian rushes to your aid.
Your touch may inflict minor irresistible damage on your foes.


Message History

You block the orc's attack.
You barely miss the orc.
The orc is almost dead.
You block the orc's attack. The orc closely misses you.
You hit the orc.
You kill the orc!
The Council accepts your kill. Something hits you.
You are poisoned.
You barely miss something.
You feel very sick. Something hits you but does no damage.
You are more poisoned.
You hit something.
You feel very sick. Something hits you.
You are more poisoned.
Something hits you but does no damage.
You are more poisoned.
You closely miss something.
You feel extremely sick.
An ogre comes into view. It is wielding a +0 giant club.
Something hits you but does no damage.
You are lethally poisoned!
Something hits you.
You are more poisoned.
As you read the scroll labelled POIKEXKURER, it crumbles to dust.
It is a scroll of identify.
F - a potion of cancellation You feel extremely sick.
Something hits you but does no damage.
As you read the scroll labelled VEPLAREALI, it crumbles to dust.
It is a scroll of enchant weapon.
Your +0 long sword glows red for a moment.
* * * LOW HITPOINT WARNING * * *
You feel very sick. You block something's attack.
The ogre hits you with a +0 giant club!!
Ouch! That really hurt!
You die...

## #....## .)
'......
#.####....##### #{
...........# #o
#.......<.### #.
+............
#o###.........#
#o{@O.........####
#####............#
###.#........#
#...#####..##
##..#...#...
##.#.).#...###
#...#...#..##.
##.#.#####..##.
#...........##.


You could see an ogre, an orc priest and an orc.

Vanquished Creatures
  A hound (D:4)
  2 iguanas
  4 adders
  A shadow imp (D:4)
  A worm (D:3)
  4 dart slugs
  8 orcs
  7 ball pythons
  6 bats
  11 endoplasms
  4 giant cockroaches
  5 goblins
  8 hobgoblins
  6 quokkas
  5 frilled lizards
  9 kobolds
  8 rats
90 creatures vanquished.

Vanquished Creatures (collateral kills)
  A sleepcap (D:3)
  An adder (D:3)
  A worm (D:3)
  A dart slug (D:3)
  An orc (D:3)
  2 rats (D:3)
7 creatures vanquished.

Grand Total: 97 creatures vanquished

Notes
Turn   | Place    | Note
-------+----------+-------------------------------------------
     0 | D:1      | senseless the Demonspawn Gladiator began the quest for the
                  | Orb.
     0 | D:1      | Reached XP level 1. HP: 16/16 MP: 1/1
   100 | D:1      | Gained mutation: Your touch may inflict minor irresistible
                  | damage on your foes. [demonic ancestry]
   100 | D:1      | Reached XP level 2. HP: 22/22 MP: 2/2
   125 | D:1      | Found Mujod's Antique Armour Shoppe.
   435 | D:1      | Gained mutation: A weak demonic guardian rushes to your
                  | aid. [demonic ancestry]
   435 | D:1      | Reached XP level 3. HP: 28/28 MP: 3/3
  1094 | D:2      | Gained mutation: A demonic guardian rushes to your aid.
                  | [demonic ancestry]
  1094 | D:2      | Reached XP level 4. HP: 13/34 MP: 4/4
  1384 | D:2      | Found a faded altar of an unknown god.
  1840 | D:2      | Prayed at the altar of an unknown god.
  1840 | D:2      | Became a worshipper of the Wu Jian Council
  1840 | D:2      | Reached * piety under Wu Jian
  1972 | D:3      | Found an opulent altar of Gozag.
  2123 | D:3      | Reached XP level 5. HP: 21/41 MP: 5/5
  2352 | D:3      | Reached skill level 1 in Shields
  2725 | D:3      | Reached ** piety under Wu Jian
  3303 | D:1      | Bought a glowing robe for 88 gold pieces
  3431 | D:4      | Reached XP level 6. HP: 42/47 MP: 6/6
  3501 | D:4      | Mangled by an ogre

Illustrated notes

Levels and vault maps discovered:
D:1:      amcnicky_arrival_single_pillar, layout_basic, serial_shops, shop,
          chequers_serial_rivers_micro_e, minmay_pentomino_x4
D:2:      layout_basic, nicolae_ecumenical_lake_church
D:3:      layout_loops_corners, mainiacjoe_overflow_concentric_impassable,
          serial_bayou, serial_bayou_crossing, serial_bayou_lagoon_a,
          serial_bayou_lake_a, serial_bayou_pond_a, serial_bayou_pond_b
D:4:      layout_basic, nicolae_qazlal_style_of_elements,
          gammafunk_temple_overflow_wave, minmay_distorted

Skill      XL: |  1  2  3  4  5 |
---------------+----------------+-----
Throwing       | 2 3 |  3.1
Long Blades    | 3 |  3.7
Dodging        | 3 |  3.7
Fighting       | 3 |  3.4
Shields        | 1 |  1.4

Action                     |  1- 3 |  4- 6 || total
---------------------------+-------+-------++-------
  Melee: Long sword        |    58 |   109 ||   167
         Punch             |     2 |       ||     2
         Touch             |     6 |     1 ||     7
  Throw: Boomerang         |    69 |    26 ||    95
         Stone             |     4 |    29 ||    33
         Dart              |       |    34 ||    34
Ability: Lunge             |       |     1 ||     1
    Use: Scroll            |       |     2 ||     2
 Armour: Leather armour    |    33 |    33 ||    66
         Robe              |       |    17 ||    17
  Dodge: Dodged            |    40 |    32 ||    72
  Block: Tower shield      |       |    85 ||    85

Table legend: (Time is in decaauts)
 A = Elapsed time spent in this place.
 B = Non-inter-level travel time spent in this place.
 C = Inter-level travel time spent in this place.
 D = Time resting spent in this place.
 E = Time spent auto-exploring this place.
 F = Levels seen in this place.
 G = Mean time per level.
                   A        B        C        D        E       F      G
               +--------+--------+--------+--------+--------+-----+--------+
         Total |   3699 |   3231 |    468 |    114 |   2377 |   4 |  924.8 |
       Dungeon |   3699 |   3231 |    468 |    114 |   2377 |   4 |  924.8 |
               +--------+--------+--------+--------+--------+-----+--------+

Top non-repeatable levels by time:
     D:2: 1209 daAuts
     D:3: 1204 daAuts
     D:1: 879 daAuts
     D:4: 406 daAuts
